 Dungeon Crawl Stone Soup version 0.30.0-30-g96aa6591b8 (webtiles) character file.

Game seed: 1590864406760612966

51 Tirrikindir the Trooper (level 3, -2/26 HPs)
             Began as an Octopode Fighter on June 30, 2023.
             Slain by a gnoll
             ... wielding a +0 spear
              (8 damage)
             ... on level 2 of the Dungeon.
             The game lasted 00:02:48 (918 turns).

Tirrikindir the Trooper (Octopode Fighter)           Turns: 918, Time: 00:02:49

Health: -2/26      AC:  1    Str: 21    XL:     3   Next: 81%
Magic:  3/3        EV: 13    Int: 10    God:
Gold:   86         SH:  4    Dex: 13    Spells: 2/2 levels left

rFire   . . .        a - +0 long sword
rCold   . . .        b - +0 buckler
rNeg    . . .        (helmet restricted)
rPois   .            (no amulet)
rElec   .            d - ring of flight
rCorr   .            j - +6 ring of strength
SInv    .            (no ring)
Will    .....        (no ring)
Stlth   +++          (no ring)
HPRegen 0.24/turn    (no ring)
MPRegen 0.08/turn    (no ring)
                     (no ring)

%: no passive effects
@: mighty, flying
A: almost no armour, amphibious, 8 rings, camouflage 1, gelatinous body 1,
(nimble swimmer 1), tentacles
a: no special abilities


You were on level 2 of the Dungeon.
You visited 1 branch of the dungeon, and saw 2 of its levels.

You collected 86 gold pieces.

Inventory:

Hand Weapons
 a - a +0 long sword (weapon)
Armour
 b - a +0 buckler (worn)
Jewellery
 d - a ring of flight (left tentacle)
 j - a +6 ring of strength (right tentacle)
Scrolls
 k - a scroll of enchant armour
Potions
 c - a potion of might
 e - 2 potions of brilliance
 f - a potion of degeneration {unknown}
 h - 2 potions of mutation {unknown}
 i - a potion of invisibility {unknown}
 l - 2 potions of berserk rage {unknown}
 m - a potion of attraction {unknown}


   Skills:
 + Level 3.3 Fighting
 * Level 2.8 Long Blades
 + Level 3.3 Dodging
 + Level 1.5 Stealth
 + Level 3.2 Shields


You had 2 spell levels left.
You didn't know any spells.
Your spell library contained the following spells:

 Spells                   Type           Power      Damage    Failure   Level
 Tukima's Dance           Hex            0%         N/A       80%         3
 Vhi's Electric Charge    Tloc/Air       0%         N/A       80%         3
 Passage of Golubria      Tloc           0%         N/A       99%         4
 Arcjolt                  Conj/Air       0%         1d10      100%        5
 Yara's Violent Unravell  Hex/Tmut       0%         3d3       100%        5
 Maxwell's Capacitive Co  Air            0%         ∞         100%        8


Dungeon Overview and Level Annotations

Branches:
Dungeon (2/15)

Altars:


Innate Abilities, Weirdness & Mutations

You cannot wear most types of armour.
You are amphibious.
You can wear up to eight rings at the same time.
Your skin changes colour to match your surroundings (Stealth+).
Your rubbery body absorbs attacks. (AC +1, EV +1)
((You are camouflaged when in or above water. (Stealth+)))
You have tentacles for arms and can constrict up to eight enemies at once.


Message History

You kill the bat!
Found 3 stones. 2 gnolls come into view.
A gnoll comes into view. It is wielding a +0 spear.
Throw: 2 darts (poison)
Press: ? - help, Q - select action Shift-Dir - straight line, f - gnoll
Aim: a gnoll, wielding a +0 spear (asleep, 98% to hit)
You throw a poisoned dart. The poisoned dart hits the gnoll.
The gnoll is poisoned.
The gnoll shouts!
The gnoll shouts!
Throw: dart (poison)
Press: ? - help, Q - select action Shift-Dir - straight line, f/p - gnoll
Aim: a gnoll, wielding a +0 spear (lightly wounded, poisoned, 61% to hit)
You throw a poisoned dart. The poisoned dart hits the gnoll.
The gnoll is lightly wounded.
Unknown command.
Unknown command.
The gnoll hits you from afar with a +0 spear!
The gnoll looks more healthy.
The gnoll hits you with a +0 spear.
The gnoll hits you from afar with a +0 spear.
You see here 3 stones.
You hit the gnoll. You grab the gnoll.
The gnoll is heavily wounded.
You constrict the gnoll, but do no damage.
You block the gnoll's attack. The gnoll closely misses you.
You block the gnoll's attack. The gnoll hits you with a +0 spear.
You hit the gnoll.
The gnoll is severely wounded.
You constrict the gnoll.
You kill the gnoll!
The gnoll hits you from afar with a +0 spear.
* * * LOW HITPOINT WARNING * * *
You feel very mighty all of a sudden. The gnoll barely misses you.
The gnoll completely misses you.
You barely miss the gnoll. You grab the gnoll. You squeeze the gnoll!
You kill the gnoll!
You block the gnoll's attack. The gnoll hits you with a +0 spear!
You die...

#..###.# #..#
#...##.####..#
##..##...##..#####
#...............#
###.##.###.#####.#
#......# #.#
#.#.##.# #.#
#(#.###....# #@#.#
#.#.# #.g..# #.#
...(..# #..
###(..## ### ...##
..^.# ##... ####


You could see a gnoll.

Vanquished Creatures
  2 gnolls (D:2)
  An adder (D:2)
  A dart slug (D:1)
  A bat (D:2)
  2 endoplasms (D:2)
  2 hobgoblins
  2 quokkas (D:2)
  2 frilled lizards
  4 goblins (D:1)
  3 kobolds
  A rat (D:1)
21 creatures vanquished.

Notes
Turn   | Place    | Note
-------+----------+-------------------------------------------
     0 | D:1      | Tirrikindir the Octopode Fighter began the quest for the
                  | Orb.
     0 | D:1      | Reached XP level 1. HP: 16/16 MP: 1/1
   417 | D:1      | Reached XP level 2. HP: 8/21 MP: 2/2
   419 | D:1      | HP: 1/21 [dart slug/slug dart (6)]
   649 | D:2      | Reached skill level 1 in Stealth
   725 | D:2      | Reached XP level 3. HP: 26/26 MP: 3/3
   918 | D:2      | Slain by a gnoll

Illustrated notes

Levels and vault maps discovered:
D:1:      dpeg_arrival_ternary, layout_rooms, minmay_misc_feat_encased
D:2:      layout_loops_ring, hellmonk_ecumenical_altar_run_dry, basic_altar

Skill      XL: |  1  2 |
---------------+-------+-----
Stealth        | 1 |  1.5
Fighting       | |  3.3
Long Blades    | |  2.8
Dodging        | |  3.3
Shields        | |  3.2

Action                     || total
---------------------------++-------
  Melee: Long sword        ||    46
         Constrict         ||     8
         Tentacles         ||     8
  Throw: Dart              ||     2
    Use: Scroll            ||     4
         Potion            ||     1
   Stab: Sleeping          ||     3
 Armour: Skin              ||     2
  Dodge: Dodged            ||    25
  Block: Buckler           ||    11
